 Dungeon Crawl Stone Soup version 0.19-a0-1185-gacb3972 (webtiles) character file.

49675 Gorice the Slicer (level 14, -7/88 HPs)
             Began as a Kobold Enchanter on Aug 18, 2016.
             Was the Champion of Okawaru.
             Mangled by a dire elephant (28 damage)
             ... on level 6 of the Lair of Beasts.
             The game lasted 01:53:00 (25533 turns).

Gorice the Slicer (Kobold Enchanter)               Turns: 25533, Time: 01:53:01

Health: -7/88      AC: 23    Str: 10    XL:     14   Next: 93%
Magic:  15/20      EV: 30    Int: 14    God:    Okawaru [******]
Gold:   185        SH:  0    Dex: 23    Spells: 2 memorised, 15 levels left

rFire  + . .     SeeInvis .     a - +3 rapier "Jawnaq" {pierce, rF+}
rCold  + . .     Gourm    .     w - +3 ring mail {rC+}
rNeg   . . .     Faith    .     (shield restricted)
rPois  .         Spirit   .     o - +2 hat
rElec  .         Dismiss  .     R - +2 cloak
rCorr  .         Reflect  .     q - +0 pair of fencer's gloves {+Riposte Dex+6}
MR     ++...     Harm     .     S - +2 pair of boots {Fly}
Stlth  ++++++++..               g - amulet of regeneration
                                c - ring of stealth
                                k - ring of protection from magic

@: heroism, finesse, flying
A: carnivore 3
a: Heroism, Finesse, Renounce Religion, Stop Flying


You were on level 6 of the Lair of Beasts.
You worshipped Okawaru.
Okawaru was exalted by your worship.
You were completely stuffed.

You visited 3 branches of the dungeon, and saw 18 of its levels.
You also visited: Volcano.

You collected 1136 gold pieces.
You spent 951 gold pieces at shops.

Inventory:

Hand Weapons
 a - the +3 rapier "Jawnaq" (weapon) {pierce, rF+}
   (You found it on level 5 of the Dungeon)

   It inflicts extra damage upon your enemies.
   It protects you from fire.
 b - the +1 dagger of the Radish {flame, Str+2 Int-2 Stlth+}
   (Okawaru gifted it to you on level 6 of the Lair of Beasts)

   It has been specially enchanted to burn those struck by it, causing extra
   injury to most foes and up to half again as much damage against particularly
   susceptible opponents.
   It affects your strength (+2).
   It affects your intelligence (-2).
   It makes you more stealthy.
 d - the +9 dagger of Chilly Death {flash freeze, rPois rF- rC++ MR+}
   (You found it on level 6 of the Lair of Beasts)

   It has been specially enchanted to freeze those struck by it, causing extra
   injury to most foes and up to half again as much damage against particularly
   susceptible opponents.
   It can also slow down cold-blooded creatures.
   It makes you vulnerable to fire.
   It greatly protects you from cold.
   It protects you from poison.
   It affects your resistance to hostile enchantments.
 f - a +4 scimitar of flaming
   (You took it off Erica on level 10 of the Dungeon)
 y - a +6 quick blade
 B - a +0 blowgun
Missiles
 m - 22 tomahawks (quivered)
 s - 7 curare-tipped needles
 X - 7 poisoned tomahawks
Armour
 o - a +2 hat (worn)
 q - the +0 pair of fencer's gloves (worn) {+Riposte Dex+6}
   (You bought it in a shop on level 9 of the Dungeon)

   It affects your dexterity (+6).
 r - a +1 pair of gloves
 w - a +3 ring mail of cold resistance (worn)
   (You found it on level 3 of the Dungeon)
 R - a +2 cloak (worn)
 S - a +2 pair of boots of flying (worn)
   (You found it in a volcano)
Jewellery
 c - a ring of stealth (right hand)
 g - an amulet of regeneration (around neck)
 k - a ring of protection from magic (left hand)
 v - an uncursed ring of see invisible
 I - an uncursed ring of fire
 J - an uncursed ring of protection from fire
 L - an uncursed ring of protection from magic
 O - an uncursed ring of ice
Wands
 e - a wand of iceblast (6/15)
 h - a wand of polymorph (10/24)
 H - a wand of paralysis (6/24)
 V - a wand of confusion (18/48)
Scrolls
 p - 2 scrolls of teleportation {!r}
 F - 3 scrolls of remove curse
 G - 2 scrolls of blinking
 T - 2 scrolls of fog
Potions
 j - 2 potions of brilliance {unknown}
 l - a potion of invisibility {unknown}
 n - 3 potions of resistance {!q}
 t - 2 potions of curing
 u - 4 potions of berserk rage
 x - 4 potions of might {!q}
 z - 2 potions of agility {!q}
 C - a potion of heal wounds {!q}
 M - 2 potions of haste {unknown}
 P - 2 potions of cancellation {!q}
Miscellaneous
 i - a fan of gales
Comestibles
 D - 3 beef jerkies
 E - 13 meat rations {!e}


   Skills:
 - Level 10.0(15.0) Fighting
 - Level 14.9(19.9) Short Blades
 + Level 4.4(9.4) Throwing
 - Level 12.2(17.2) Armour
 * Level 14.6(19.6) Dodging
 - Level 10.0(15.0) Stealth
 - Level 2.0 Spellcasting
 - Level 3.0 Hexes
 - Level 8.0 Invocations


You had 15 spell levels left.
You knew the following spells:

 Your Spells              Type           Power        Failure   Level  Hunger
a - Corona                Hex            #......      14%         1    ##.....
A - Apportation           Tloc           #.........   41%         1    ##.....


Dungeon Overview and Level Annotations

Branches:
Dungeon (11/15)            Temple (1/1) D:4            Lair (6/6) D:11
  Swamp (0/4) Lair:2        Snake (0/4) Lair:2        Slime (0/5) Lair:5
    Orc (0/2) D:10

Altars:
Ashenzari
Cheibriados
Dithmenos
Elyvilon
Fedhas
Gozag
Hepliaklqana
Kikubaaqudgha
Makhleb
Nemelex Xobeh
Okawaru
Qazlal
Ru
Sif Muna
Trog
Uskayaw
Vehumet
Xom
Yredelemnul
Zin
The Shining One
Jiyva

Shops:
D:5 (   D:9 [*(%   D:11 (

Annotations:
D:7 vpUX: scroll surrounded by deep water, brown ugly thing!
D:8 cyclops at large!
D:11 Nattefrost's ghost, journeyman HOFi
Lair:5 vpUX: deep water vault


Innate Abilities, Weirdness & Mutations

You are small and have problems with some larger weapons.
You are carnivorous and can eat meat at any time.


Message History

The dire elephant misses you.
You riposte.
You hit the dire elephant but do no damage.
The dire elephant is heavily wounded.
The dire elephant completely misses you.
You hit the dire elephant.
The dire elephant is heavily wounded.
You hit the dire elephant.
The dire elephant is heavily wounded.
You hit the dire elephant but do no damage.
The dire elephant is heavily wounded.
You hit the dire elephant but do no damage.
The dire elephant is heavily wounded.
You hit the dire elephant but do no damage.
The dire elephant is heavily wounded.
The dire elephant tramples you but does no damage.
The dire elephant trunk-slaps you.
* * * LOW HITPOINT WARNING * * *
Damage: 4 (max 24)
You hit the dire elephant.
The dire elephant is severely wounded.
You hit the dire elephant but do no damage.
The dire elephant is severely wounded.
You hit the dire elephant but do no damage.
The dire elephant is severely wounded.
You hit the dire elephant.
The dire elephant is severely wounded.
The dire elephant tramples you!!
* * * LOW HITPOINT WARNING * * *
You hold your ground!
The dire elephant trunk-slaps you.
* * * LOW HITPOINT WARNING * * *
Damage: 21 (max 24)
You are too injured to fight recklessly!
You are too injured to fight recklessly!
You are too injured to fight recklessly!
You are too injured to fight recklessly!
You are too injured to fight recklessly!
You are too injured to fight recklessly!
You are too injured to fight recklessly!
You are too injured to fight recklessly!
You are too injured to fight recklessly!
Your ring mail prevents you from hitting the dire elephant.
The dire elephant is severely wounded.
You barely miss the dire elephant.
The dire elephant is severely wounded.
You hit the dire elephant but do no damage.
The dire elephant is severely wounded.
You barely miss the dire elephant.
The dire elephant is severely wounded.
The dire elephant tramples you!!
You die...

...............................##
####'''########♣.......♣♣#####♣.#
..P...........###....♣###########
###8.⌠.8#####...##♣♣♣##...P..#
##8.8###.≈###.#### #......#
######?≈≈≈≈#...P####.P...P#
#≈≈≈≈.####....#'######
+≈≈≈≈.#8.####.#.#
+≈≈≈..+.@...#...#
##≈≈.##8.Y..#8.8# ♣♣ ####
####''##'### ♣}♣ #...#....##♣8♣
##..........♣ ###........#
#..#..#### #######


You could see a dire elephant.

Vanquished Creatures
  Kirke (Lair:6)
  Nessos (Lair:6)
  Josephine (D:11)
  Erolcha (D:11)
  5 hydras
  The ghost of Dirtsage the Martial Artist, a journeyman DsFi of Qazlal (Lair:2)
  Erica (D:10)
  An anaconda (Lair:6)
  An unseen horror (D:11)
  A hill giant (D:11)
  2 deep elf magi (Volcano)
  Pikel (D:7)
  A cyclops (D:10)
  An ugly thing (D:11)
  Maurice (D:8)
  3 elephants (Lair:6)
  Joseph (D:10)
  3 black mambas (Lair:2)
  14 spiny frogs
  A gargoyle (D:11)
  Psyche (D:10)
  8 komodo dragons
  7 rime drakes
  A kobold demonologist (D:8)
  2 trolls
  2 two-headed ogres
  3 slime creatures
  12 blink frogs
  A vampire (D:11)
  A shadow (D:11)
  4 wraiths (D:11)
  3 wyverns
  Grum (D:11)
  33 yaks
  4 basilisks
  A hungry ghost (D:8)
  6 hippogriffs
  A mottled dragon (D:11)
  15 water moccasins
  10 porcupines
  2 hell hounds (Volcano)
  12 orc warriors
  4 phantoms
  17 ice beasts
  A necrophage (D:6)
  6 ogres
  17 wolves
  16 crocodiles
  A centaur (D:9)
  2 big kobolds
  17 giant frogs
  2 scorpions
  A water moccasin skeleton (D:4)
  3 vampire bats (Lair:3)
  4 wights (D:11)
  An electric eel (D:10)
  6 howler monkeys
  9 crimson imps
  3 centaur zombies
  2 giant frog zombies
  A quasit (D:9)
  5 centaur skeletons
  7 jellies
  5 hounds
  5 orc priests
  Crazy Yiuf (D:5)
  9 orc wizards
  3 giant frog skeletons
  11 iguanas
  Jessica (D:2)
  Natasha (thrice) (D:2)
  14 worker ants
  23 sheep
  3 hound skeletons
  A howler monkey zombie (D:10)
  3 gnolls (D:11)
  31 river rats
  23 adders
  A shadow imp (D:7)
  6 oozes
  An adder skeleton (D:4)
  3 worms
  2 dart slugs
  5 giant geckos
  37 orcs
  12 bats
  5 giant cockroaches
  10 goblins
  6 hobgoblins
  10 jackals
  17 kobolds
  3 quokkas
  2 giant gecko skeletons
  7 giant newts
  A quokka skeleton (D:4)
  12 rats
  2 plants (Lair:6)
575 creatures vanquished.

Vanquished Creatures (others)
  A hog (Volcano)
  A swamp drake (Lair:2)
  4 slaves (D:7)
  A hound zombie (D:5)
  An adder (D:7)
  3 orcs (D:7)
  A giant newt (D:7)
  5 fungi
  6 plants
23 creatures vanquished.

Grand Total: 598 creatures vanquished

Notes
Turn   | Place    | Note
-------+----------+-------------------------------------------
     0 | D:1      | Gorice the Kobold Enchanter began the quest for the Orb.
     0 | D:1      | Reached XP level 1. HP: 10/10 MP: 3/3
    30 | D:1      | Reached skill level 2 in Short Blades
   213 | D:1      | Reached XP level 2. HP: 14/15 MP: 3/5
   359 | D:1      | Reached skill level 3 in Short Blades
   793 | D:1      | Reached XP level 3. HP: 17/19 MP: 4/6
  1052 | D:1      | Reached skill level 4 in Short Blades
  1504 | D:2      | Reached XP level 4. HP: 24/24 MP: 7/7
  1580 | D:2      | Reached skill level 5 in Short Blades
  1801 | D:2      | Noticed Natasha
  1805 | D:2      | Killed Natasha
  1847 | D:2      | Noticed Natasha
  1850 | D:2      | Killed Natasha
  1850 | D:2      | Reached skill level 6 in Short Blades
  1850 | D:2      | Reached XP level 5. HP: 28/28 MP: 8/8
  1917 | D:2      | Found an iron altar of Okawaru.
  1931 | D:2      | Noticed Jessica
  1934 | D:2      | Killed Jessica
  1936 | D:2      | Became a worshipper of Warmaster Okawaru
  2293 | D:2      | Noticed Natasha
  2311 | D:2      | Killed Natasha
  2311 | D:2      | Reached skill level 7 in Short Blades
  2499 | D:3      | Reached XP level 6. HP: 32/32 MP: 9/9
  3230 | D:4      | Reached skill level 8 in Short Blades
  3409 | D:4      | Found a staircase to the Ecumenical Temple.
  3415 | Temple   | Entered the Ecumenical Temple
  4158 | D:5      | Entered Level 5 of the Dungeon
  4210 | D:5      | Reached * piety under Okawaru
  4210 | D:5      | Reached XP level 7. HP: 36/36 MP: 8/10
  4282 | D:5      | Reached skill level 9 in Short Blades
  4306 | D:5      | Got an encrusted rapier
  4307 | D:5      | Identified the +3 rapier "Jawnaq" {pierce, rF+} (You found it on level 5 of the Dungeon)
  4315 | D:5      | Found a runed door.
  4319 | D:5      | Noticed Crazy Yiuf
  4327 | D:5      | Killed Crazy Yiuf
  4506 | D:5      | Reached skill level 10 in Short Blades
  4744 | D:5      | Found Pysewk's Antique Weapon Boutique.
  5095 | D:5      | Found an ancient bone altar of Kikubaaqudgha.
  5096 | D:5      | Found a shimmering altar of Xom.
  5097 | D:5      | Found a glowing golden altar of the Shining One.
  5102 | D:5      | Found a deep blue altar of Sif Muna.
  5207 | D:5      | Reached XP level 8. HP: 40/41 MP: 7/11
  5297 | D:5      | Reached skill level 11 in Short Blades
  5509 | D:6      | Got a dazzling short sword
  5667 | D:6      | Reached ** piety under Okawaru
  5843 | D:6      | Reached skill level 12 in Short Blades
  5879 | D:5      | Found a sparkling altar of Nemelex Xobeh.
  5993 | D:6      | Found a hazy altar of Hepliaklqana.
  6230 | D:6      | Reached skill level 13 in Short Blades
  6259 | D:6      | Reached XP level 9. HP: 44/44 MP: 10/12
  6407 | D:7      | Noticed Pikel
  6420 | D:7      | Killed Pikel
  6420 | D:7      | Reached *** piety under Okawaru
  6420 | D:7      | Reached skill level 14 in Short Blades
  7329 | D:7      | Reached skill level 1 in Fighting
  7332 | D:7      | Reached skill level 1 in Armour
  7442 | D:8      | Noticed Maurice
  7507 | D:8      | Killed Maurice
  7507 | D:8      | Reached skill level 3 in Fighting
  7507 | D:8      | Reached skill level 2 in Armour
  7638 | D:8      | Reached XP level 10. HP: 53/56 MP: 10/13
  7685 | D:8      | Reached **** piety under Okawaru
  7887 | D:8      | Reached skill level 3 in Armour
  7970 | D:8      | Reached skill level 4 in Fighting
  8047 | D:8      | Noticed a cyclops
  8049 | D:8      | Noticed a brown ugly thing
  8426 | D:8      | Reached skill level 5 in Fighting
  8451 | D:8      | Reached skill level 4 in Armour
  8471 | D:8      | Noticed a kobold demonologist
  8482 | D:8      | Killed a kobold demonologist
  8557 | D:8      | Reached skill level 6 in Fighting
  8954 | D:9      | Found Ipu Ixodgh's Weapon Boutique.
  8979 | D:9      | Found Jokket's Food Shop.
  9042 | D:9      | Found Quomeske's General Store.
  9047 | D:9      | Received a gift from Okawaru
  9079 | D:9      | Reached skill level 5 in Armour
  9131 | D:9      | Reached ***** piety under Okawaru
  9136 | D:9      | Reached skill level 7 in Fighting
  9157 | D:9      | Bought a scroll of fog for 26 gold pieces
  9157 | D:9      | Bought a potion of cancellation for 104 gold pieces
  9157 | D:9      | Bought a scroll of identify for 26 gold pieces
  9271 | D:9      | Found Etwagag's Antique Armour Shop.
  9625 | D:10     | Entered Level 10 of the Dungeon
  9647 | D:10     | Noticed Joseph
  9658 | D:10     | Killed Joseph
  9658 | D:10     | Reached XP level 11. HP: 68/68 MP: 11/14
  9777 | D:10     | Identified the +6 short sword of the Aged Wishes {freeze, Int+4} (You found it on level 6 of the Dungeon)
  9805 | D:10     | Noticed Psyche
  9824 | D:10     | Killed Psyche
  9824 | D:10     | Reached skill level 8 in Fighting
  9824 | D:10     | Reached skill level 6 in Armour
  9996 | D:10     | Reached skill level 1 in Invocations
 10136 | D:10     | Reached skill level 2 in Invocations
 10368 | D:10     | Received a gift from Okawaru
 10466 | D:10     | HP: 19/69 [orc warrior/mace (8)]
 10470 | D:10     | Reached skill level 3 in Invocations
 10531 | D:10     | HP: 19/69 [wyvern (12)]
 10782 | D:10     | Reached skill level 9 in Fighting
 10875 | D:10     | Found a staircase to the Orcish Mines.
 10983 | D:10     | Reached skill level 4 in Invocations
 11147 | D:10     | Noticed Erica
 11148 | D:10     | Killed Erica
 11219 | D:11     | Noticed an eight-headed hydra
 11222 | D:11     | Killed an eight-headed hydra
 11222 | D:11     | Reached skill level 5 in Invocations
 11247 | D:10     | Received a gift from Okawaru
 11274 | D:11     | Reached skill level 10 in Fighting
 11371 | D:11     | Noticed Erolcha
 11398 | D:11     | Reached skill level 6 in Invocations
 11417 | D:11     | Killed Erolcha
 11417 | D:11     | Reached skill level 7 in Armour
 11593 | D:11     | Noticed Josephine
 11624 | D:11     | Reached XP level 12. HP: 64/77 MP: 14/16
 11714 | D:11     | Killed Josephine
 11714 | D:11     | Reached skill level 7 in Invocations
 11912 | D:11     | HP: 23/77 [two-headed ogre/giant spiked club (19)]
 12306 | D:11     | Noticed Nattefrost's ghost (journeyman HOFi)
 12375 | D:11     | HP: 11/77 [Nattefrost's ghost (16)]
 12382 | D:11     | HP: 10/77 [Nattefrost's ghost (1)]
 12385 | D:11     | HP: 4/77 [Nattefrost's ghost (1)]
 12392 | D:11     | HP: 7/77 [Nattefrost's ghost (8)]
 12399 | D:11     | HP: 21/77 [Nattefrost's ghost (1)]
 12669 | D:11     | Noticed Grum
 12710 | D:10     | Reached skill level 8 in Armour
 13275 | D:11     | Reached skill level 8 in Invocations
 13422 | D:11     | Reached skill level 3 in Dodging
 13547 | D:11     | Found a staircase to the Lair.
 13671 | D:11     | Reached skill level 9 in Armour
 13858 | D:11     | Found Puobok's Weapon Emporium.
 13890 | D:11     | HP: 1/77 [cyclops (25)]
 14245 | D:11     | Noticed an unseen horror
 14263 | D:11     | Killed an unseen horror
 14263 | D:11     | Reached skill level 4 in Dodging
 14325 | D:11     | Received a gift from Okawaru
 14558 | D:11     | Killed Grum
 14558 | D:11     | Reached skill level 5 in Dodging
 14830 | D:10     | HP: 23/77 [poisoned by a green ugly thing]
 14835 | D:10     | HP: 20/77 [poisoned by a green ugly thing]
 14841 | D:10     | HP: 19/77 [poisoned by a green ugly thing]
 14847 | D:10     | HP: 18/77 [poisoned by a green ugly thing]
 14855 | D:10     | HP: 18/77 [poisoned by a green ugly thing]
 15250 | Lair:1   | Entered Level 1 of the Lair of Beasts
 15309 | Lair:1   | Reached skill level 10 in Armour
 15526 | Lair:1   | Reached skill level 6 in Dodging
 15708 | Lair:1   | Noticed a seven-headed hydra
 15810 | Lair:1   | Killed a one-headed hydra
 15810 | Lair:1   | Received a gift from Okawaru
 15810 | Lair:1   | Reached skill level 7 in Dodging
 15810 | Lair:1   | Reached XP level 13. HP: 61/82 MP: 17/19
 15827 | Lair:1   | Reached skill level 11 in Armour
 15866 | Lair:1   | Noticed an eight-headed hydra
 15878 | Lair:1   | Killed a five-headed hydra
 16226 | Lair:1   | Received a gift from Okawaru
 16379 | Lair:1   | Reached skill level 8 in Dodging
 17283 | D:11     | Reached skill level 12 in Armour
 17283 | D:11     | Reached skill level 9 in Dodging
 18158 | Lair:2   | Found a staircase to the Snake Pit.
 18293 | Lair:2   | Noticed Dirtsage's ghost (journeyman DsFi)
 18303 | Lair:2   | Noticed an eight-headed hydra
 18314 | Lair:2   | Killed a four-headed hydra
 18314 | Lair:2   | Reached skill level 10 in Dodging
 18501 | Lair:2   | Reached skill level 5 in Stealth
 18918 | Lair:2   | HP: 16/82 [spiny frog (19)]
 19080 | Lair:2   | Received a gift from Okawaru
 19125 | Lair:2   | Reached skill level 6 in Stealth
 19260 | Lair:2   | Found a staircase to the Swamp.
 19447 | Lair:2   | Got an ancient scale mail
 19625 | Lair:2   | Noticed a five-headed hydra
 19711 | Lair:2   | Killed a two-headed hydra
 19711 | Lair:2   | Reached skill level 11 in Dodging
 19933 | Lair:2   | Killed Dirtsage's ghost
 19933 | Lair:2   | Reached skill level 7 in Stealth
 20144 | Lair:1   | Identified the +5 scale mail "Gaoxihy" {rF- Dex+5} (You found it on level 2 of the Lair of Beasts)
 20549 | Lair:3   | Reached XP level 14. HP: 72/88 MP: 20/20
 20971 | Lair:3   | Reached skill level 12 in Dodging
 21158 | Lair:3   | You fall through a shaft!
 21217 | Lair:4   | Reached skill level 8 in Stealth
 22225 | Lair:5   | Found a runed door.
 22225 | Lair:5   | Found a viscous altar of Jiyva.
 22267 | Lair:5   | Learned a level 1 spell: Apportation
 22388 | Lair:5   | Reached skill level 9 in Stealth
 22526 | Lair:5   | Reached skill level 13 in Dodging
 22532 | Lair:5   | Reached ****** piety under Okawaru
 22829 | Lair:5   | Found a staircase to the Slime Pits.
 23137 | Lair:6   | Entered Level 6 of the Lair of Beasts
 23152 | Lair:6   | Noticed Nessos
 23172 | Lair:6   | Killed Nessos
 23309 | Lair:6   | Reached skill level 10 in Stealth
 23348 | Lair:6   | Reached skill level 1 in Throwing
 23490 | Lair:6   | Found a dark tunnel.
 23495 | Volcano  | Entered a volcano
 23543 | Volcano  | Reached skill level 2 in Throwing
 24053 | Lair:6   | Received a gift from Okawaru
 24054 | Lair:6   | Got an encrusted dagger {god gift}
 24055 | Lair:6   | Identified the +1 dagger of the Radish {flame, Str+2 Int-2 Stlth+} (Okawaru gifted it to you on level 6 of the Lair of Beasts)
 24145 | Lair:6   | Reached skill level 14 in Dodging
 24147 | Lair:6   | HP: 25/88 [poisoned by a spiny frog]
 24152 | Lair:6   | HP: 20/88 [poisoned by a spiny frog]
 24157 | Lair:5   | HP: 17/88 [poisoned by a spiny frog]
 24163 | Lair:5   | HP: 16/88 [poisoned by a spiny frog]
 24168 | Lair:5   | HP: 16/88 [poisoned by a spiny frog]
 24173 | Lair:5   | HP: 17/88 [poisoned by a spiny frog]
 24180 | Lair:5   | HP: 20/88 [poisoned by a spiny frog]
 24188 | Lair:5   | HP: 23/88 [poisoned by a spiny frog]
 24503 | D:9      | Bought the +0 pair of fencer's gloves {+Riposte Dex+6} for 795 gold pieces
 24786 | Lair:6   | Noticed Kirke
 24807 | Lair:6   | Killed Kirke
 24807 | Lair:6   | Reached skill level 3 in Throwing
 25034 | Lair:6   | Reached skill level 4 in Throwing
 25493 | Lair:6   | Noticed a dire elephant
 25529 | Lair:6   | HP: 21/88 [dire elephant (20)]
 25533 | Lair:6   | Mangled by a dire elephant

Vault maps used:
D:1:      ncdulo_wetmaze, hangedman_decor_clover_reticule,
          hangedman_feature_mirror, minmay_tromino_v4_a
D:2:      okawaru_gym_becter, first_bread, uniq_jessica, uniq_natasha
D:4:      minmay_misc_feat_hallway
D:5:      lemuel_upstairs_altar, minitemple, serial_shops, shop,
          lemuel_flame_loot_1, uniq_crazy_yiuf_cottage
D:6:      basic_altar
D:7:      corexii_item_surrounded_by_moat, uniq_pikel
D:8:      hangedman_cross_veins, hangedman_little_slice_of_home, uniq_maurice
D:9:      serial_shops, shop, shop, shop, shop
D:10:     erik_orc_2, hangedman_decor_opposing, uniq_psyche, uniq_joseph,
          uniq_erica
D:11:     erik_lair_dragon, serial_shops, kennysheep_little_box,
          grunt_ministairs_15, grunt_decor_mini_mirrors, uniq_josephine,
          uniq_erolcha, uniq_grum
Temple:   eino_temple_rhombus
Lair:1:   ldierk_geyser, beast_lair_carwin_1
Lair:2:   minmay_swamp_entry_reptiles, minmay_snake_entry_six_corridors
Lair:3:   roderic_batcave, grunt_megastairs_4
Lair:5:   slime_altar_2, lemuel_another_geyser, lemuel_fruit_fields,
          infiniplex_staircase_pool_2, lemuel_fruit_fields
Lair:6:   due_jungle_book, enter_volcano_1, minmay_stone_trees_medium,
          minmay_guarded_unrand_chilly_death, uniq_kirke, uniq_nessos
Volcano:  volcano_village

Skill      XL: |  1  2  3  4  5  6  7  8  9 10 11 12 13 14 |
---------------+-------------------------------------------+-----
Short Blades   | 2 3 4 6 7 8 10 13 14 | 14.9
Fighting       | 3 7 10 | 10.0
Armour         | 2 5 7 10 12 | 12.2
Invocations    | 6 8 |  8.0
Dodging        | 7 11 14 | 14.6
Stealth        | 7 10 | 10.0
Throwing       | 4 |  4.4
Spellcasting   | |  2.0
Hexes          | |  3.0

Action                   |  1- 3 |  4- 6 |  7- 9 | 10-12 | 13-15 || total
-------------------------+-------+-------+-------+-------+-------++-------
Melee: Dagger            |    22 |       |       |       |       ||    22
       Short sword       |    85 |   251 |     1 |       |       ||   337
       Rapier            |       |       |   223 |   941 |  1382 ||  2546
       Punch             |       |       |     1 |     8 |     7 ||    16
       Quick blade       |       |       |       |   259 |       ||   259
       Scimitar          |       |       |       |     7 |    22 ||    29
 Fire: Blowgun           |       |       |       |     4 |     3 ||     7
Throw: Stone             |       |     3 |       |       |       ||     3
       Tomahawk          |       |       |     5 |     5 |    11 ||    21
 Cast: Corona            |    26 |    43 |    50 |    86 |       ||   205
Invok: Heroism           |       |       |     1 |    20 |    12 ||    33
       Finesse           |       |       |       |     1 |     1 ||     2
Evoke: Wand              |       |       |       |       |     4 ||     4
  Use: Scroll            |     1 |     6 |     4 |    11 |     7 ||    29
       Potion            |       |       |     1 |     3 |     2 ||     6
 Stab: Sleeping          |    11 |     9 |    12 |     9 |    31 ||    72
       Distracted        |       |     1 |     1 |       |     4 ||     6
       Paralysed         |       |       |       |       |     1 ||     1
  Eat: Chunk             |    11 |    10 |    12 |    40 |    31 ||   104
Armor: Robe              |     9 |     3 |       |       |       ||    12
       Ring mail         |       |    89 |    65 |   289 |   185 ||   628
Dodge: Dodged            |    70 |   170 |   109 |   466 |   750 ||  1565

Table legend:
 A = Turns spent in this place as a percentage of turns spent in the entire game.
 B = Non-inter-level travel turns spent in this place as a percentage of non-inter-level travel turns spent in the entire game.
 C = Inter-level travel turns spent in this place as a percentage of turns spent in this place.
 D = Turns resting spent in this place as a percentage of non-inter-level travel turns spent in this place.
 E = Turns spent auto-exploring this place as a percentage of non-inter-level travel turns spent in this place.
 F = Non-inter-level travel turns spent in this place divided by the number of levels of this place that you've seen.
                   A       B       C       D       E      F
               +-------+-------+-------+-------+-------+----------------------
         Total | 100.0 | 100.0 |   0.4 |   2.6 |   3.7 | 513.2
       Dungeon |  61.1 |  61.1 |   0.4 |   3.0 |   3.6 | 541.2
        Temple |   0.2 |   0.2 |   6.2 |   0.0 |  93.3 |  15.0
          Lair |  36.8 |  36.8 |   0.4 |   1.7 |   3.7 | 598.7
       Volcano |   1.9 |   1.9 |   0.0 |   7.4 |   0.0 | 190.0
               +-------+-------+-------+-------+-------+----------------------

Vault maps used:
D:1:      ncdulo_wetmaze, hangedman_decor_clover_reticule,
          hangedman_feature_mirror, minmay_tromino_v4_a
D:2:      okawaru_gym_becter, first_bread, uniq_jessica, uniq_natasha
D:4:      minmay_misc_feat_hallway
D:5:      lemuel_upstairs_altar, minitemple, serial_shops, shop,
          lemuel_flame_loot_1, uniq_crazy_yiuf_cottage
D:6:      basic_altar
D:7:      corexii_item_surrounded_by_moat, uniq_pikel
D:8:      hangedman_cross_veins, hangedman_little_slice_of_home, uniq_maurice
D:9:      serial_shops, shop, shop, shop, shop
D:10:     erik_orc_2, hangedman_decor_opposing, uniq_psyche, uniq_joseph,
          uniq_erica
D:11:     erik_lair_dragon, serial_shops, kennysheep_little_box,
          grunt_ministairs_15, grunt_decor_mini_mirrors, uniq_josephine,
          uniq_erolcha, uniq_grum
Temple:   eino_temple_rhombus
Lair:1:   ldierk_geyser, beast_lair_carwin_1
Lair:2:   minmay_swamp_entry_reptiles, minmay_snake_entry_six_corridors
Lair:3:   roderic_batcave, grunt_megastairs_4
Lair:5:   slime_altar_2, lemuel_another_geyser, lemuel_fruit_fields,
          infiniplex_staircase_pool_2, lemuel_fruit_fields
Lair:6:   due_jungle_book, enter_volcano_1, minmay_stone_trees_medium,
          minmay_guarded_unrand_chilly_death, uniq_kirke, uniq_nessos
Volcano:  volcano_village
